| 8 | 0:00 | SCV | |
| 9 | 0:13 | SCV | |
| 10 | 0:25 | SCV | |
| 11 | 0:31 | Supply Depot | |
| 11 | 0:37 | SCV | |
| 12 | 0:49 | SCV | |
| 13 | 0:54 | Barracks | |
| 13 | 1:01 | Refinery | |
| 13 | 1:06 | SCV | |
| 14 | 1:18 | SCV | |
| 15 | 1:30 | SCV | |
| 16 | 1:42 | Orbital Command | |
| 16 | 1:44 | Reaper | |
| 17 | 2:07 | SCV | |
| 18 | 2:13 | Command Center | |
| 18 | 2:16 | Reaper | |
| 18 | 2:19 | SCV | |
| 20 | 2:27 | Supply Depot | |
| 20 | 2:31 | SCV | |
| 21 | 2:48 | SCV | |
| 22 | 2:52 | Factory | |
| 22 | 3:00 | Barracks Reactor, SCV | |
| 22 | 3:12 | Command Center, SCV | |
| 23 | 3:24 | SCV | |
| 24 | 3:37 | SCV | |
| 25 | 3:48 | Orbital Command | |
| 25 | 3:49 | SCV | |
| 26 | 3:55 | Barracks Tech Lab | |
| 26 | 3:57 | Barracks, Hellion x2 | |
| 26 | 4:01 | SCV | |
| 31 | 4:13 | SCV | |
| 31 | 4:14 | Stimpack, Marine | |
| 31 | 4:15 | SCV | |
| 34 | 4:18 | Hellion x2 | |
| 38 | 4:25 | SCV | |
| 38 | 4:26 | Orbital Command | |
| 38 | 4:27 | SCV | |
| 40 | 4:32 | Marine | |
| 40 | 4:37 | SCV | |
| 40 | 4:38 | Supply Depot | |
| 42 | 4:39 | SCV | |
| 42 | 4:45 | Starport | |
| 43 | 4:48 | Factory Reactor | |
| 43 | 4:49 | SCV | |
| 43 | 4:50 | Refinery | |
| 43 | 4:51 | SCV | |
| 43 | 4:52 | SCV | |
| 46 | 4:53 | Marine x2 | |
| 46 | 4:54 | Marine | |
| 49 | 5:01 | SCV | |
| 49 | 5:02 | Supply Depot | |
| 49 | 5:03 | SCV | |
| 49 | 5:04 | SCV | |
| 52 | 5:10 | Marine | |
| 52 | 5:11 | Marine | |
| 52 | 5:13 | SCV | |
| 55 | 5:15 | SCV | |
| 55 | 5:17 | SCV | |
| 55 | 5:19 | Marine, Refinery x2 | |
| 58 | 5:24 | Orbital Command | |
| 58 | 5:25 | SCV | |
| 58 | 5:27 | SCV | |
| 60 | 5:28 | Marine x2 | |
| 60 | 5:29 | Supply Depot | |
| 62 | 5:37 | Marine | |
| 62 | 5:38 | SCV | |
| 62 | 5:39 | SCV | |
| 62 | 5:40 | Medivac x2 | |
| 69 | 5:46 | Marine x2 | |
| 64 | 5:50 | SCV | |
| 64 | 5:51 | Engineering Bay, SCV | |
| 64 | 5:52 | SCV | |
| 64 | 5:55 | Marine | |
| 68 | 5:57 | Engineering Bay, Factory Tech Lab | |
| 68 | 6:01 | Combat Shield | |
| 68 | 6:02 | SCV | |
| 68 | 6:03 | Barracks | |
| 69 | 6:04 | Marine x2 | |
| 69 | 6:05 | SCV x2 | |
| 72 | 6:12 | Marine | |
| 72 | 6:14 | SCV | |
| 72 | 6:17 | SCV x2 | |
| 74 | 6:22 | Marine x2 | |
| 74 | 6:26 | SCV | |
| 74 | 6:28 | Siege Tank | |
| 74 | 6:29 | SCV x2 | |
| 74 | 6:30 | Marine | |
| 74 | 6:35 | Terran Infantry Armor Level 1, Terran Infantry Weapons Level 1 | |
| 74 | 6:36 | Supply Depot x2 | |
| 74 | 6:38 | SCV | |
| 74 | 6:39 | Marine | |
| 75 | 6:40 | Marine | |
| 75 | 6:41 | SCV | |
| 75 | 6:42 | Starport Reactor | |
| 75 | 6:43 | Barracks | |
| 75 | 6:46 | Barracks | |
| 78 | 6:48 | SCV | |
| 79 | 6:58 | Marine x2, SCV x2 | |
| 79 | 7:00 | SCV, Siege Tank | |
| 87 | 7:01 | Marine | |
| 87 | 7:02 | Supply Depot | |
| 87 | 7:03 | Supply Depot, Marine | |
| 87 | 7:05 | Marine | |
| 90 | 7:10 | SCV x2 | |
| 90 | 7:12 | SCV | |
| 93 | 7:15 | Marine x2 | |
| 93 | 7:19 | Refinery | |
| 93 | 7:20 | Factory | |
| 95 | 7:24 | Marine x3, SCV x2 | |
| 95 | 7:25 | Medivac x2 | |
| 95 | 7:26 | Supply Depot | |
| 95 | 7:27 | Supply Depot | |
| 95 | 7:29 | Armory, SCV | |
| 105 | 7:33 | Marine x2 | |
| 105 | 7:34 | Barracks Reactor x2 | |
| 105 | 7:36 | SCV x2, Widow Mine | |
| 111 | 7:47 | Marine x3 | |
| 111 | 7:48 | SCV x3 | |
| 116 | 7:51 | Marine x2 | |
| 116 | 7:52 | Supply Depot | |
| 116 | 7:53 | Supply Depot | |
| 110 | 8:00 | SCV x3 | |
| 111 | 8:05 | Marine x3 | |
| 111 | 8:09 | Marine x2 | |
| 111 | 8:12 | SCV | |
| 116 | 8:13 | Factory Reactor, Factory Tech Lab | |
| 116 | 8:14 | Siege Tank | |
| 116 | 8:19 | Medivac x2 | |
| 123 | 8:22 | Marine | |
| 123 | 8:23 | Marine x3 | |
| 123 | 8:26 | Marine | |
| 128 | 8:27 | Marine x2 | |
| 128 | 8:33 | Marine x2 | |
| 132 | 8:34 | Siege Tank | |
| 132 | 8:39 | Terran Infantry Weapons Level 2 | |
| 132 | 8:41 | Marine x3 | |
| 135 | 8:42 | Terran Infantry Armor Level 2 | |
| 135 | 8:43 | Command Center | |
| 135 | 8:44 | Marine | |
| 135 | 8:45 | Marauder | |
| 135 | 8:46 | Supply Depot | |
| 141 | 8:51 | Terran Vehicle Weapons Level 1 | |
| 141 | 8:55 | Marine | |
| 142 | 8:56 | Marine | |
| 143 | 9:08 | Marine x2, Siege Tank | |
| 143 | 9:09 | Supply Depot | |
| 148 | 9:10 | Supply Depot | |
| 148 | 9:12 | SCV | |
| 148 | 9:13 | SCV x2 | |
| 150 | 9:19 | Supply Depot x2 | |
| 150 | 9:20 | Barracks x2, Supply Depot | |
| 150 | 9:21 | Marine x7 | |
| 150 | 9:23 | Barracks | |
| 157 | 9:25 | Marine x2 | |
| 157 | 9:26 | Refinery | |
| 159 | 9:39 | Marine x7, Drilling Claws | |
| 159 | 9:40 | Medivac x2, Widow Mine x2 | |
| 159 | 9:43 | Marine x2 | |
| 174 | 9:55 | Sensor Tower | |
| 174 | 9:56 | Marine | |
| 174 | 9:57 | Marine x3, SCV x2 | |
| 174 | 9:58 | SCV | |
| 181 | 10:02 | Siege Tank x2 | |
| 181 | 10:09 | SCV | |
| 181 | 10:10 | SCV | |
| 181 | 10:11 | SCV, Barracks Tech Lab x3 | |
| 181 | 10:13 | Medivac x2 | |
| 188 | 10:17 | Missile Turret | |
| 188 | 10:18 | Planetary Fortress | |
| 188 | 10:22 | SCV x2, Ghost Academy | |
| 188 | 10:23 | SCV | |
| 191 | 10:34 | Widow Mine x2 | |
| 191 | 10:35 | Factory | |
| 195 | 10:40 | Refinery x2, Factory | |
| 195 | 10:41 | Sensor Tower | |
| 195 | 10:43 | Medivac x2, Missile Turret | |
| 195 | 10:47 | Command Center | |
| 199 | 11:02 | Terran Infantry Weapons Level 3, Terran Infantry Armor Level 3 | |
| 199 | 11:12 | Command Center | |
| 199 | 11:13 | Command Center | |
| 199 | 11:14 | Command Center | |
| 199 | 11:19 | Missile Turret x2 | |
| 199 | 11:20 | Missile Turret | |
| 199 | 11:21 | Missile Turret | |
| 199 | 11:25 | Missile Turret | |
| 199 | 11:27 | Terran Vehicle Weapons Level 2 | |
| 187 | 11:44 | Marauder x3 | |
| 185 | 11:48 | Marine x3 | |
| 185 | 11:50 | Widow Mine x2 | |
| 185 | 11:51 | Ghost | |
| 185 | 11:54 | Marine x2 | |
| 188 | 12:07 | Marauder x2 | |
| 182 | 12:14 | Ghost | |
| 182 | 12:15 | Marine | |
| 186 | 12:16 | Fusion Core | |
| 186 | 12:19 | Ghost | |
| 186 | 12:21 | Marine x2 | |
| 190 | 12:27 | Ghost x2 | |
| 190 | 12:29 | Sensor Tower | |
| 196 | 12:30 | Missile Turret | |
| 188 | 12:37 | Widow Mine | |
| 188 | 12:38 | Widow Mine | |
| 188 | 12:39 | Factory Tech Lab | |
| 188 | 12:43 | Ghost | |
| 195 | 12:48 | Liberator | |
| 198 | 13:03 | Missile Turret | |
| 198 | 13:04 | Missile Turret, Planetary Fortress | |
| 198 | 13:05 | Sensor Tower | |
| 198 | 13:07 | Refinery | |
| 198 | 13:08 | Refinery | |
| 198 | 13:10 | Caduceus Reactor | |
| 187 | 13:13 | Siege Tank | |
| 187 | 13:14 | Siege Tank x2, Ghost | |
| 199 | 13:22 | Starport | |
| 188 | 13:31 | Ghost x2 | |
| 194 | 13:39 | Ghost | |
| 188 | 13:43 | Ghost | |
| 188 | 13:44 | Terran Vehicle And Ship Armor Level 1 | |
| 188 | 13:45 | Marine x2 | |
| 188 | 13:46 | Widow Mine x2 | |
| 180 | 13:48 | Marine x2 | |
| 180 | 13:53 | Marine x2 | |
| 172 | 13:59 | Ghost | |
| 172 | 14:00 | Ghost | |
| 172 | 14:01 | Medivac | |
| 172 | 14:02 | Medivac, Siege Tank | |
| 182 | 14:04 | SCV x4 | |
| 182 | 14:07 | Siege Tank, Advanced Ballistics | |
| 189 | 14:13 | Command Center | |
| 189 | 14:15 | Siege Tank | |
| 189 | 14:16 | SCV x3 | |
| 195 | 14:24 | Command Center | |
| 195 | 14:26 | Starport Reactor | |
| 195 | 14:36 | Liberator | |
| 198 | 14:54 | Missile Turret x2 | |
| 190 | 15:04 | Planetary Fortress | |
| 190 | 15:05 | Ghost x3 | |
| 199 | 15:11 | Sensor Tower, Missile Turret | |
| 193 | 15:15 | Sensor Tower | |
| 191 | 15:35 | Missile Turret | |
| 185 | 15:38 | Terran Vehicle Weapons Level 3 | |
| 185 | 15:39 | Siege Tank x2 | |
| 185 | 15:41 | Marine x2 | |
| 177 | 15:43 | Liberator x2 | |
| 167 | 15:56 | Marine x2 | |
| 164 | 16:00 | Missile Turret, Liberator x2, Sensor Tower | |
| 164 | 16:02 | Missile Turret | |
| 164 | 16:03 | Orbital Command | |
| 170 | 16:09 | Siege Tank | |
| 173 | 16:13 | Orbital Command | |
| 173 | 16:19 | Ghost | |
| 173 | 16:23 | Siege Tank | |
| 179 | 16:30 | Liberator | |
| 179 | 16:32 | Liberator | |
| 185 | 16:45 | Ghost | |
| 185 | 16:46 | Ghost | |
| 185 | 16:48 | Ghost x2 | |
| 185 | 16:51 | Marine x2 | |
| 185 | 16:52 | Marine | |
| 186 | 16:54 | Marine x2 | |
| 185 | 17:14 | Ghost x2 | |
| 185 | 17:15 | SCV x3 | |
| 186 | 17:16 | SCV x3 | |
| 186 | 17:18 | Ghost | |
| 186 | 17:22 | Siege Tank | |
| 196 | 17:27 | Siege Tank | |
| 199 | 17:45 | Command Center | |
| 199 | 17:48 | Sensor Tower | |
| 199 | 17:50 | Missile Turret | |
| 199 | 18:03 | Personal Cloaking | |
| 199 | 18:10 | Liberator x4 | |
| 195 | 18:13 | Siege Tank | |
| 198 | 18:31 | Command Center | |
| 198 | 18:34 | Command Center | |
| 198 | 18:47 | Command Center | |
| 198 | 18:51 | Command Center | |
| 198 | 19:01 | Neosteel Armor, Hi-Sec Auto Tracking, Terran Vehicle And Ship Armor Level 2 | |
| 178 | 19:18 | Siege Tank x2 | |
| 178 | 19:20 | Missile Turret | |
| 178 | 19:23 | Factory | |
| 176 | 19:24 | Factory | |
| 176 | 19:25 | Sensor Tower | |
| 176 | 19:26 | Missile Turret, Siege Tank | |
| 176 | 19:28 | Command Center x2 | |
| 179 | 19:38 | Liberator | |
| 179 | 19:39 | Liberator | |
| 179 | 19:41 | Orbital Command | |
| 185 | 19:50 | Siege Tank | |
| 187 | 19:52 | Liberator | |
| 187 | 19:53 | Liberator | |
| 187 | 19:58 | Infernal Pre-Igniter | |
| 193 | 20:14 | Orbital Command | |
| 193 | 20:21 | Liberator x2 | |
| 199 | 20:40 | Orbital Command | |
| 199 | 20:41 | Orbital Command | |
| 199 | 21:11 | Orbital Command | |
| 195 | 21:27 | Command Center | |
| 195 | 21:30 | Command Center | |
| 195 | 21:37 | Orbital Command | |
| 198 | 21:47 | Factory Reactor x2 | |
| 198 | 21:49 | Thor | |
| 198 | 21:50 | Missile Turret | |
| 198 | 21:52 | Missile Turret | |
| 190 | 22:04 | Thor | |
| 190 | 22:05 | Thor, Viking | |
| 190 | 22:06 | Viking x3 | |
| 173 | 22:24 | Ghost x4 | |
| 173 | 22:26 | Hellbat x4 | |
| 195 | 22:39 | Thor | |
| 195 | 22:42 | Terran Vehicle And Ship Armor Level 3 | |
| 199 | 22:44 | Orbital Command | |
| 196 | 22:51 | Missile Turret | |
| 196 | 22:52 | Missile Turret | |
| 196 | 22:53 | Sensor Tower, Missile Turret | |
| 194 | 23:02 | Orbital Command, Liberator x3 | |
| 194 | 23:03 | Orbital Command | |
| 194 | 23:04 | Liberator | |
| 169 | 23:21 | Ghost x2 | |
| 169 | 23:22 | Ghost x2 | |
| 166 | 23:33 | Planetary Fortress | |
| 166 | 23:39 | Siege Tank | |
| 169 | 23:42 | Siege Tank x2 | |
| 166 | 23:50 | Ghost x3 | |
| 166 | 23:53 | Ghost | |
| 172 | 24:00 | Liberator x3 | |
| 172 | 24:01 | Liberator | |
| 184 | 24:03 | Planetary Fortress | |
| 184 | 24:11 | Hellbat x4 | |
| 192 | 24:20 | Refinery | |
| 192 | 24:22 | Refinery | |
| 192 | 24:24 | Siege Tank | |
| 192 | 24:26 | Refinery | |
| 192 | 24:27 | Refinery | |
| 192 | 24:28 | Missile Turret, Sensor Tower, Orbital Command | |
| 192 | 24:29 | Missile Turret | |
| 193 | 24:34 | Marine | |
| 193 | 24:35 | Marine x2 | |
| 196 | 24:43 | Liberator, Orbital Command | |
| 199 | 25:03 | Missile Turret | |
| 199 | 25:04 | Missile Turret | |
| 199 | 25:05 | Missile Turret, Sensor Tower | |
| 199 | 25:19 | Terran Ship Weapons Level 1 | |
| 189 | 25:47 | Factory | |
| 189 | 25:49 | Command Center | |
| 171 | 25:50 | Orbital Command | |
| 171 | 25:54 | Hellion x4 | |
| 171 | 25:55 | Hellion | |
| 170 | 26:12 | Ghost x2 | |
| 170 | 26:13 | Marine x2 | |
| 177 | 26:21 | Factory Tech Lab | |
| 177 | 26:22 | Liberator x3 | |
| 177 | 26:23 | Liberator | |
| 189 | 26:34 | Command Center | |
| 192 | 26:47 | Orbital Command | |
| 192 | 26:53 | Siege Tank | |
| 186 | 26:58 | Factory Tech Lab | |
| 186 | 27:03 | Orbital Command | |
| 186 | 27:06 | Command Center | |
| 186 | 27:07 | Command Center | |
| 184 | 27:08 | Liberator | |
| 184 | 27:12 | Orbital Command | |
| 174 | 27:17 | Liberator x2 | |
| 180 | 27:22 | Siege Tank | |
| 180 | 27:26 | Siege Tank, Liberator | |
| 189 | 27:47 | Orbital Command | |
| 189 | 27:50 | Terran Ship Weapons Level 2 | |
| 183 | 27:57 | Siege Tank, Hellbat x2 | |
| 183 | 27:58 | Hellbat x2, Siege Tank | |
| 191 | 28:15 | Factory | |
| 191 | 28:16 | Command Center x2 | |
| 191 | 28:20 | Orbital Command | |
| 187 | 28:40 | Liberator x3 | |
| 193 | 28:45 | Siege Tank x2 | |
| 190 | 29:15 | Refinery | |
| 190 | 29:18 | Refinery | |
| 190 | 29:23 | Widow Mine | |
| 192 | 29:25 | Thor | |
| 192 | 29:29 | Planetary Fortress | |
| 192 | 29:30 | Orbital Command x2 | |
| 182 | 29:44 | Ghost | |
| 182 | 29:45 | Ghost | |
| 168 | 29:46 | Liberator | |
| 168 | 29:51 | Siege Tank | |
| 168 | 29:52 | Siege Tank | |
| 179 | 30:21 | Missile Turret x2 | |
| 179 | 30:23 | Sensor Tower x2 | |
| 179 | 30:24 | Missile Turret x2 | |